 Dungeon Crawl Stone Soup version 0.22-a0-305-gd21a89c (webtiles) character file.

41185 ololoev the Destroyer (level 14, 0/98 (100) HPs)
             Began as a Ghoul Fire Elementalist on Mar 28, 2018.
             Was a High Priest of Vehumet.
             Slain by a troll (7 damage)
             ... on level 9 of the Dungeon.
             The game lasted 01:45:58 (20832 turns).

ololoev the Destroyer (Ghoul Fire Elementalist)    Turns: 20832, Time: 01:45:59

HP:   0/98 (100)    AC: 10    Str: 20    XL:     14   Next: 14%
MP:   0/26          EV: 14    Int: 14    God:    Vehumet [*****.]
Gold: 950           SH:  0    Dex:  9    Spells: 5/32 levels left

rFire    + . .     SeeInvis .   a - +6 falchion (freeze)
rCold    + . .     Gourm    .   (no shield)
rNeg     + + +     Faith    .   B - +2 robe {rF+}
rPois    ∞         Spirit   +   h - +2 hat of the Bear Spirit {Spirit, +Rage rN+ MR++}
rElec    .         Reflect  .   j - +2 cloak
rCorr    .         Harm     .   u - +0 pair of gloves
MR       ++++.                  (no boots)
Stlth    ++........             (no amulet)
HPRegen  0.00/turn              C - +1 ring of evasion
MPRegen  0.20/turn              z - ring of the Crushed Lovers {MR+ Str+7 Slay+3}

@: rotting
A: rotting body, claws 1, carnivore, cold resistance 1, negative energy
resistance 3, inhibited regeneration, torment resistance, unbreathing
a: Renounce Religion


Innate Abilities, Weirdness & Mutations

Your body is rotting away.
You thrive on raw meat.
You are immune to poison.
You have sharp fingernails.
You are carnivorous and can eat meat at any time.
Your flesh is cold resistant. (rC+)
You are immune to negative energy. (rN+++)
You do not regenerate when monsters are visible.
You are immune to unholy pain and torment.
You can survive without breathing.

Inventory:

Hand Weapons
 a - a +6 falchion of freezing (weapon)
Armour
 h - the +2 hat of the Bear Spirit (worn) {Spirit, +Rage rN+ MR++}
   (You found it in a volcano)

   It protects you from negative energy.
   It affects your resistance to hostile enchantments.
   It lets you go berserk.
 j - a +2 cloak (worn)
 u - a +0 pair of gloves (worn)
 v - a +0 troll leather armour
 B - a +2 robe of fire resistance (worn)
Jewellery
 m - an uncursed ring of see invisible
 z - the ring of the Crushed Lovers (right hand) {MR+ Str+7 Slay+3}
   (You found it on level 6 of the Lair of Beasts)

   [ring of slaying]

   It affects your strength (+7).
   It affects your accuracy and damage with ranged weapons and melee attacks
   (+3).
   It affects your resistance to hostile enchantments.
 C - a +1 ring of evasion (left hand)
Wands
 k - a wand of paralysis (11)
Scrolls
 b - a scroll of torment {unknown}
 d - 3 scrolls of immolation
 e - 5 scrolls of teleportation
 l - 8 scrolls of remove curse
 n - a scroll of summoning
 r - 2 scrolls of fear
 w - 3 scrolls of blinking
 x - 2 scrolls of enchant armour
 A - a scroll of acquirement {unknown}
 D - 2 scrolls of amnesia {unknown}
Potions
 f - a potion of curing
 g - 2 potions of brilliance
 i - 3 potions of flight
 o - a potion of magic {unknown}
 s - 3 potions of invisibility
 t - 2 potions of resistance
 E - a potion of haste
Miscellaneous
 p - a phial of floods (inert)
Comestibles
 c - 27 rations


   Skills:
 + Level 2.9 Fighting
 + Level 2.3 Armour
 + Level 3.2 Dodging
 - Level 2.1 Stealth
 * Level 9.5 Spellcasting
 * Level 12.4 Conjurations
 - Level 3.0 Translocations
 * Level 12.4 Fire Magic


You had 5 spell levels left.
You knew the following spells:

 Your Spells              Type           Power        Failure   Level  Hunger
a - Flame Tongue          Conj/Fire      #####        1%          1    None
b - Conjure Flame         Conj/Fire      #####...     1%          3    #......
c - Sticky Flame          Conj/Fire      #####...     1%          4    ###....
d - Fireball              Conj/Fire      #####.....   1%          5    #####..
e - Ignition              Fire           #####.....   69%         8    #######
f - Force Lance           Conj/Tloc      ####....     1%          4    ###....
k - Blink                 Tloc           N/A          4%          2    None


You were on level 9 of the Dungeon.
You worshipped Vehumet.
Vehumet was extremely pleased with you.
You were near starving.

You visited 4 branches of the dungeon, and saw 18 of its levels.
You also visited: Bailey and Volcano.

You collected 1160 gold pieces.
You spent 210 gold pieces at shops.

................'......#
................#......#
................#......#
..<.............#########
........###'###.........#
##.########## ####......#
##.######.########......#
..#.#..#..#...o.##......#
#...#.)##...#.#T@.......#
#...#.#......T##.########
#.#.#.######o#.###
#..##.##......###
#.#.....#.......#
#.##.#.#..##.##.#
#.#.##.##..###..#
##..#.#..)o####.##
#.......).>...##.#

Notes
Turn   | Place    | Note
-------+----------+-------------------------------------------
     0 | D:1      | ololoev the Ghoul Fire Elementalist began the quest for the Orb.
     0 | D:1      | Reached XP level 1. HP: 14/14 MP: 2/2
     2 | D:1      | Amnesiac: ну я надеялся что будет уже чё-то к этому времени
    19 | D:1      | Amnesiac: жаль
    22 | D:1      | DEFE: a six-headed hydra
    80 | D:1      | Reached skill level 1 in Conjurations
    96 | D:1      | Amnesiac: стики и облако один хер
   180 | D:1      | Amnesiac: а вместо файрбола меф тоже ничё >_>
   181 | D:1      | ololoev: lol no
   181 | D:1      | ololoev: в леире меф почти бесполезен
   181 | D:1      | ololoev: разве что против слонов иногда прокает
   181 | D:1      | ololoev: против всего опасного он бесполезен
   183 | D:1      | Reached XP level 2. HP: 20/20 MP: 1/3
   203 | D:1      | Amnesiac: ну к лейру как-то бы уже было бы здорово найти фб конечно
   414 | D:1      | Amnesiac: я бы попытался орков выковырять если бы я играл такого чара наверное
   416 | D:1      | Amnesiac: лишь бы до магазинов добраться
   416 | D:1      | ololoev: в орках там какой-то пипец был, я 1 лвл сделал
   416 | D:1      | ololoev: на 2м были дип тролли
   416 | D:1      | Amnesiac: разве что если там будет stone giant то какашка
   440 | D:1      | Amnesiac: дип толям меф катит
   498 | D:1      | ololoev: @??deep troll
   498 | D:1      | beem: deep troll (T)
                  | Spd:
    10 | HD: 10   | HP: 42-65
                  | AC/EV: 6/10
                  | Dam: 27, 20(claw), 20(claw)
                  | doors, see invisible, regen
                  | Res: magic(40), blind
                  | XP:
   726 | Sz: Large | Int: human.
   498 | D:1      | ololoev: 10hd, ничего
   498 | D:1      | Amnesiac: они как-то не сильно от обычных отличаются кроме урона
   498 | D:1      | ololoev: но если добежит и ударит - 27+20+20
   498 | D:1      | Amnesiac: @??troll
   498 | D:1      | beem: troll (T)
                  | Spd:
    10 | HD: 7    | HP: 30-45
                  | AC/EV: 3/10
                  | Dam: 20, 15(claw), 15(claw)
                  | doors, regen
                  | Res: magic(20)
                  | XP:
   304 | Sz: Large | Int: human.
   518 | D:1      | Reached XP level 3. HP: 24/26 MP: 5/5
   519 | D:1      | Amnesiac: чуть жирней
   523 | D:1      | Learned a level 3 spell: Conjure Flame
   697 | D:1      | Amnesiac: но можно ковырнуть
   764 | D:1      | Amnesiac: они ещё в облака лучше идут так что стеночку им сделать и ничё
   764 | D:1      | ololoev: в орках я обычно не рискую геройствовать если есть что опасное
   764 | D:1      | ololoev: там народу много
   764 | D:1      | ololoev: пока будешь пытаться поджарить тролля конфуженого, выбежит найт с арбалетом и еще майт накинет на вориоров
   764 | D:1      | ololoev: и пару пристов на границе лоса будут стоять и смайтить
   764 | D:1      | Amnesiac: орки не очень опасные, я часто до логова их расковыриваю, но потом меня тянет к эльфам иногда и я подыхаю где-нибудь на 3ем уровне
   764 | D:1      | ololoev: орки довольно опасные если сразу всех не мочишь
   764 | D:1      | Amnesiac: лучше манить по чутку
   764 | D:1      | ololoev: я тоже часто орков до леира делаю, но это если ФБ есть или табало годное
   764 | D:1      | Amnesiac: с лестницы
   778 | D:1      | Amnesiac: просто там надежда на магазы
   778 | D:1      | ololoev: спустился - получил 27+20+20 от тролля, пока поднимался - еще столько же
   778 | D:1      | Amnesiac: особенно с гозагом когда
   900 | D:1      | Amnesiac: ну по максу 2 раза это врядли но так конечно с ними лучше на месте расчитываться
   917 | D:1      | ololoev: ну и орки хороши если лестница в углу зашкеренном заспавнилась
   917 | D:1      | Amnesiac: wz конечно немного задротная книга хоть и смльная
   917 | D:1      | ololoev: если как у меня в центре - это не вариант сразу
   984 | D:2      | Amnesiac: сильная*
  1062 | D:2      | Amnesiac: я землю люблю, скорее бы в землю пошёл с gh
  1491 | D:2      | Amnesiac: качать один скил +1 чем два -2 как-то получше
  1498 | D:2      | ololoev: это да, но к леиру лучше иметь что-то посильнее сендбласта
  1498 | D:2      | Amnesiac: lrd очень хорошо
  1498 | D:2      | ololoev: за ЕЕ старт легче, но потом он фиговее ФЕ
  1498 | D:2      | ololoev: лрд требует стены вокруг
  1498 | D:2      | ololoev: а это не всегда удобно сделать
  1573 | D:2      | Amnesiac: как по мне так нет если зафокусить землю хотябы до #####
  1577 | D:2      | Amnesiac: лучше #x6
  1610 | D:2      | Amnesiac: lrd вполне справляется
  1610 | D:2      | Reached XP level 4. HP: 20/33 MP: 0/6
  1629 | D:2      | Amnesiac: особенно с такой разницей в экспе
  1629 | D:2      | ololoev: экспа экспой, но встретил ты гидру в чистом поле и все, кидай сендбластом
  1629 | D:2      | Amnesiac: по крайней мере мне ee лучше всего дались
  1629 | D:2      | Amnesiac: !won
  1629 | D:2      | beem: Amnesiac has won 17 times in 4962 games (0.34%): 2xDEEE 2xSpFi 1xDEFE 1xFoEE 1xGrEE 1xHaFi 1xMuAr 1xMuGl 1xOgAM 1xOgHu 1xSpAr 1xTrFi 1xVSEn 1xVSFi 1xVpEn
  1629 | D:2      | ololoev: сендбласт конечно закидает, но может и промахнуться пару раз
  1629 | D:2      | Amnesiac: 4 EE
  1629 | D:2      | ololoev: lol
  1629 | D:2      | ololoev: !won
  1629 | D:2      | beem: ololoev has won 108 times in 3331 games (3.24%): 3xDEFE 2xDEEE 2xDEIE 2xDrWn 2xDsFE 2xKoFE 2xOpFE 1xBaFE 1xCeAr 1xCeAs 1xCeFE 1xCeFi 1xCeHu 1xCeMo 1xDDAr 1xDDFE 1xDDFi 1xDDHu 1xDESk 1xDEWz 1xDgEn 1xDgFE 1xDgWn 1xDrAE 1xDrCK 1xDrCj 1xDrEn 1xDrFE 1xDrSk 1xDrSu 1xDrTm 1xDrVM 1xDrWr 1xDrWz 1xDsAK 1xDsAr 1xDsBe 1xDsDK 1xDsSu 1xDsWn 1xFeBe 1xFeFE 1xFeIE 1xFoAM 1xFoFE 1xGhAK 1xGhFE 1xGnFE 1xGrBe 1xGrEE ...
  1629 | D:2      | ololoev: дофига ФЕ
  1629 | D:2      | ololoev: !lg . won --fe
  1629 | D:2      | beem: 33. ololoev the Sorcerer (L27 FeFE of Vehumet), escaped with the Orb and 5 runes on 2018-01-19 09:42:49, with 2438920 points after 110473 turns and 7:16:15.
  1629 | D:2      | ololoev: 33
  1629 | D:2      | Amnesiac: я небрежно играю поэтому это лучше проверка на вшивость если плохой игрок может выйграть это =Р
  1717 | D:2      | Amnesiac: земля просто мощная как по мне, если чё можно и petrify бросить
  1717 | D:2      | Amnesiac: попробовать чтоли ghee
  1717 | D:2      | ololoev: насчет плохих игроков - по мне так надо сравнивать по смертям на орбране
  1717 | D:2      | Amnesiac: хех
  1717 | D:2      | ololoev: в эрли многие на пофиге играют ибо можн ои заново начать
  1717 | D:2      | Amnesiac: орбран рандомный..
  1717 | D:2      | ololoev: ну как сказать, чтобы умереть там нужно натупить обычно
  1749 | D:2      | Amnesiac: дурацковатый орбран
  1921 | D:3      | Found an ancient bone altar of Kikubaaqudgha.
  1922 | D:3      | Amnesiac: !lg . orb
  1922 | D:3      | beem: No keyword 'orb'
  1922 | D:3      | ololoev: ??listgame
  1922 | D:3      | beem: listgame[1/5]: !lg command displays info about past games. The manual is available here: https://github.com/crawl/sequell/blob/master/docs/listgame.md
  1922 | D:3      | ololoev: !lm . orb s=place
  1922 | D:3      | Amnesiac: foee был забавный
  1922 | D:3      | beem: 111 milestones for ololoev (orb): 111x Zot:5
  1922 | D:3      | ololoev: не то
  1922 | D:3      | Amnesiac: я всё там прокопал
  1922 | D:3      | ololoev: хмм
  1922 | D:3      | Amnesiac: я окопал зот и пропустил большую часть
  1922 | D:3      | ololoev: !lm . orb lg:place!=d:1
  1922 | D:3      | beem: 111. [2018-03-22 14:20:04] ololoev the Evocator (L27 CeAr of Gozag) found the Orb of Zot! (Zot:5)
  1922 | D:3      | ololoev: !lm . orb !won
  1922 | D:3      | beem: 4. [2016-10-18 10:46:17] ololoev the Imperceptible (L18 SpEn of Ashenzari) found the Orb of Zot! (Zot:5)
  1922 | D:3      | Amnesiac: я подох пару раз на орбране, весело было
  1922 | D:3      | ololoev: я один раз помер почти на орбране
  1922 | D:3      | ololoev: протабал 15 рун кобольдом, решил что мне пофиг, не буду зот5 чистить, слишком крутой
  1922 | D:3      | ololoev: влетел в 6 ООФов и помер
  1927 | D:2      | Amnesiac: !lm . orb !won
  1931 | D:2      | beem: 3. [2017-12-09 03:06:43] Amnesiac the Slayer (L27 MuHu of Okawaru) found the Orb of Zot! (Zot:5)
  1933 | D:2      | Amnesiac: o_O
  1933 | D:2      | Amnesiac: лучник наверное был
  2679 | D:3      | Reached XP level 5. HP: 37/38 MP: 2/7
  2691 | D:2      | Learned a level 4 spell: Sticky Flame
  3167 | D:3      | Found a deep blue altar of Sif Muna.
  3596 | D:4      | Reached XP level 6. HP: 45/45 MP: 0/9
  3845 | D:4      | Noticed an orc warrior
  3939 | D:4      | Found a shattered altar of Ashenzari.
  4132 | D:4      | Found Gozag's Platinum Reserve.
  4132 | D:4      | Found an opulent altar of Gozag.
  4161 | D:4      | ololoev: мне кажется волт гозага с магазином надо заскриптовать так, чтобы он не одно говно продавал
  4161 | D:4      | ololoev: видишь этот мусор с коррозией и -теле за несколько тысяч денег и сразу не хочется к гозагу идти
  4366 | D:4      | Killed an orc warrior
  4366 | D:4      | Reached XP level 7. HP: 50/50 MP: 2/11
  4835 | D:5      | Entered Level 5 of the Dungeon
  5047 | D:5      | Noticed grindst0ne's ghost (amateur DEAE)
  5170 | D:5      | Found a shimmering altar of Xom.
  5172 | D:5      | Noticed an angel
  5176 | D:5      | Found a glowing silver altar of Zin.
  5413 | D:6      | Noticed Menkaure
  5686 | D:6      | Reached skill level 5 in Conjurations
  5907 | D:6      | Reached XP level 8. HP: 57/57 MP: 2/13
  6338 | D:6      | Killed Menkaure
  6491 | D:6      | Found Ischeury's Magic Scroll Shoppe.
  6612 | D:6      | Bought a scroll of identify for 24 gold pieces
  6612 | D:6      | Bought a scroll of identify for 24 gold pieces
  6612 | D:6      | Bought a scroll of teleportation for 36 gold pieces
  6612 | D:6      | Bought a scroll of identify for 24 gold pieces
  6612 | D:6      | Bought a scroll of random uselessness for 12 gold pieces
  6612 | D:6      | Bought a scroll of holy word for 90 gold pieces
  6868 | D:7      | DEFE: D8. 2 phantasmal warriors
  6871 | D:7      | ololoev: волт или так просто по приколу зашли?
  6887 | D:7      | DEFE: сразу при спуске лол
  6890 | D:7      | Reached skill level 5 in Fire Magic
  6955 | D:7      | DEFE: там еще дес найт стоит и скелетал варриор
  6956 | D:7      | DEFE: ну это мелочи
  6962 | D:7      | DEFE: по сравнению с фантзмами
  6970 | D:7      | Amnesiac: обычная братия death knight'a
  6978 | D:7      | Found a staircase to the Ecumenical Temple.
  6986 | Temple   | Entered the Ecumenical Temple
  6996 | Temple   | Became a worshipper of Vehumet
  6997 | Temple   | DEFE: ??phantasmal
  7007 | D:7      | beem: I don't have a page labeled phantasmal in my learndb.
  7007 | D:7      | DEFE: ??phantasmal warrior
  7007 | D:7      | beem: phantasmal warrior[1/1]: Crypt monsters that can temporarily harm your MR with their melee (like a scroll of vulnerability), and can use Blink Close.
  7007 | D:7      | Amnesiac: эти чуваки больно бьют
  7007 | D:7      | DEFE: ?phantasmal warrior
  7007 | D:7      | ololoev: @??phantasmal warrior
  7007 | D:7      | beem: phantasmal warrior (W)
                  | Spd:
    10 | HD: 9    | HP: 40-58
                  | AC/EV: 12/10
                  | Dam: 39(vuln)
                  | undead, doors, fighter, evil, see invisible, fly, unbreathing
                  | Res: magic(80), cold, poison+++, drown, rot+++, neg+++, torm, napalm
                  | Vul: holy
                  | XP: 638
                  | Sp: blink close [!sil]
                  | Sz: Medium
                  | Int: human.
  7007 | D:7      | ololoev: 39
  7018 | D:7      | DEFE: я не знал что у них такой низкий ХД
  7057 | D:7      | Amnesiac: они игнорят 50% брони и проходят сквозь щит на сколько я знаю
  7154 | D:7      | Reached XP level 9. HP: 53/61 MP: 11/15
  7156 | D:7      | Amnesiac: 9 это не то чтобы супер низкий, средний такой
  7158 | D:7      | Reached skill level 5 in Spellcasting
  7165 | D:7      | ololoev: вон почему они такие жесткие обычно
  7171 | D:7      | Learned a level 5 spell: Fireball
  7233 | D:7      | Amnesiac: ага
  7257 | D:7      | Amnesiac: неожиданно
  7257 | D:7      | DEFE: не им убрали урон сквозь броню
  7319 | D:7      | DEFE: в 17ой версии
  7325 | D:7      | DEFE: но 39 все равно больно
  7383 | D:7      | Amnesiac: вот как, и щит тоже работает?
  7401 | D:7      | DEFE: да
  7409 | D:7      | DEFE: ОКАЗУАЛЕЛЕ
  7411 | D:7      | Amnesiac: а зря убрали, скучными они стали
  7425 | D:7      | DEFE: Скучные если внизу
  7631 | D:7      | DEFE: а на д8 они реально веселые
  7837 | D:7      | Found Fustraoko's Antique Weapon Shop.
  7924 | D:8      | Amnesiac: пойду прилягу чтоли
  7949 | D:8      | Got a faintly glowing ring mail
  7979 | D:8      | Found a hazy altar of Hepliaklqana.
  8030 | D:8      | Identified the +7 ring mail of Theory {rF- Int+2 Dex+4} (You found it on level 8 of the Dungeon)
  8040 | D:8      | Found a snail-covered altar of Cheibriados.
  8055 | D:8      | Found an ornate altar of the Wu Jian Council.
  8095 | D:8      | Found a flagged portal.
  8125 | Bailey   | Entered a bailey
  8130 | Bailey   | Noticed an orc warlord
  8150 | Bailey   | Reached * piety under Vehumet
  8150 | Bailey   | Offered knowledge of Sandblast by Vehumet.
  8261 | Bailey   | Noticed an orc knight
  8274 | Bailey   | Killed an orc knight
  8429 | Bailey   | Found a runed gate.
  8431 | Bailey   | Found a runed gate.
  8433 | Bailey   | Found a runed gate.
  8683 | Bailey   | Killed an orc warlord
  8683 | Bailey   | Reached XP level 10. HP: 51/68 MP: 5/18
  9158 | D:8      | Reached skill level 10 in Fire Magic
  9158 | D:8      | Reached XP level 11. HP: 74/74 MP: 19/19
  9187 | D:8      | Found a staircase to the Lair.
  9547 | D:9      | Reached ** piety under Vehumet
  9547 | D:9      | Offered knowledge of Searing Ray by Vehumet.
  9667 | D:9      | Found a shadowy altar of Dithmenos.
  9915 | D:9      | Noticed a two-headed ogre
 10020 | D:9      | Killed a two-headed ogre
 10233 | D:9      | Offered knowledge of Dazzling Spray by Vehumet.
 10258 | D:9      | Found a staircase to the Orcish Mines.
 10352 | D:9      | Reached *** piety under Vehumet
 11010 | D:10     | Entered Level 10 of the Dungeon
 11012 | D:10     | Noticed Urug
 11042 | D:10     | Noticed Joseph
 11126 | D:9      | Offered knowledge of Olgreb's Toxic Radiance by Vehumet.
 11289 | Lair:1   | Entered Level 1 of the Lair of Beasts
 11398 | Lair:1   | Reached XP level 12. HP: 81/81 MP: 11/21
 11402 | Lair:1   | Reached skill level 10 in Conjurations
 11773 | Lair:1   | Reached **** piety under Vehumet
 11853 | Lair:1   | Offered knowledge of Yara's Violent Unravelling by Vehumet.
 12662 | Lair:2   | Noticed a four-headed hydra
 12701 | Lair:2   | Learned a level 2 spell: Blink
 12721 | Lair:2   | Found a staircase to the Swamp.
 12743 | Lair:2   | Killed a four-headed hydra
 12743 | Lair:2   | Reached skill level 1 in Translocations
 13547 | Lair:3   | Found a staircase to the Snake Pit.
 14269 | Lair:4   | Reached ***** piety under Vehumet
 14393 | Lair:4   | Offered knowledge of Force Lance by Vehumet.
 14393 | Lair:4   | Reached XP level 13. HP: 86/86 MP: 14/24
 15588 | Lair:5   | Learned a level 8 spell: Ignition
 15629 | Lair:5   | Found a dark tunnel.
 15632 | Volcano  | Entered a volcano
 15656 | Volcano  | Learned a level 4 spell: Force Lance
 16232 | Volcano  | Noticed a stone giant
 16267 | Volcano  | Killed a stone giant
 16802 | Volcano  | Found the +2 hat of the Bear Spirit {Spirit, +Rage rN+ MR++}
 17694 | Lair:6   | Entered Level 6 of the Lair of Beasts
 17830 | Lair:6   | Found an ornate altar of the Wu Jian Council.
 17852 | Lair:6   | Found a staircase to the Slime Pits.
 17853 | Lair:6   | Found a viscous altar of Jiyva.
 18091 | Lair:6   | Reached skill level 1 in Fighting
 18294 | Lair:6   | Reached skill level 1 in Armour
 18539 | Lair:6   | Got a smoking rapier
 18540 | Lair:6   | Identified the +4 rapier "Leijares" {speed, rC+} (You found it on level 6 of the Lair of Beasts)
 19782 | Lair:6   | Reached XP level 14. HP: 83/100 MP: 12/26
 20433 | Lair:6   | Got an ancient scimitar
 20436 | Lair:6   | Got a scorched lapis lazuli ring
 20438 | Lair:6   | Identified the ring of the Crushed Lovers {MR+ Str+7 Slay+3} (You found it on level 6 of the Lair of Beasts)
 20732 | Orc:1    | Entered Level 1 of the Orcish Mines
 20832 | D:9      | Slain by a troll

Dungeon Overview and Level Annotations

Branches:
Dungeon (10/15)            Temple (1/1) D:7            Lair (6/6) D:8
  Swamp (0/4) Lair:2        Snake (0/4) Lair:3        Slime (0/5) Lair:6
    Orc (1/2) D:9

Altars:
Ashenzari
Cheibriados
Dithmenos
Elyvilon
Fedhas
Gozag
Hepliaklqana
Kikubaaqudgha
Makhleb
Ru
Sif Muna
Vehumet
Wu Jian
Xom
Zin
Jiyva

Shops:
D:4 *   D:6 ?   D:7 (

Annotations:
D:5 grindst0ne's ghost, amateur DEAE
D:10 Joseph; Urug


Message History

You are near starving!
Unknown command.
Unknown command.
Unknown command.
Unknown command.
Unknown command.
Unknown command.
Unknown command.
Unknown command.
Unknown command.
Casting: Fireball (safe; 1% risk of failure)
Confirm with . or Enter, or press ? or * to list all spells.
Aiming: Sticky Flame (safe; 1% risk of failure)
Press: ? - help, Shift-Dir - straight line, f/p - troll
Aim: a troll (moderately wounded)
The sticky flame hits the troll.
The troll is heavily wounded.
The troll is covered in liquid flames!
The troll burns!
The troll bites you. The troll claws you! The troll closely misses you.
The orc warrior misses you.
The troll burns!
The troll burns!
The troll burns!
The troll burns!
The troll stops burning.
There is a staircase to the Orcish Mines here.
Evoke which item? (* to show all) (? for menu, Esc to quit)
Okay, then.
The troll closely misses you.
You riposte.
You closely miss the troll.
The troll is moderately wounded.
The troll claws you! The troll closely misses you.
Casting: Sticky Flame (safe; 1% risk of failure)
Confirm with . or Enter, or press ? or * to list all spells.
You don't have enough magic to cast that spell.
Unknown command.
Put on which piece of jewellery? (? for menu, Esc to quit)
Okay, then.
Wear which item? (? for menu, Esc to quit)
Okay, then.
Casting: Sticky Flame (safe; 1% risk of failure)
Confirm with . or Enter, or press ? or * to list all spells.
Aiming: Sticky Flame (safe; 1% risk of failure)
Press: ? - help, Shift-Dir - straight line, f/p - troll
Aim: a troll (moderately wounded)
The sticky flame hits the troll.
The troll is heavily wounded.
The troll is covered in liquid flames!
The troll burns!
The troll barely misses you. The troll completely misses you.
The troll claws you. The orc warrior barely misses you.
The troll burns!
The troll burns!
The troll burns!
Casting: Sticky Flame (safe; 1% risk of failure)
Confirm with . or Enter, or press ? or * to list all spells.
Aiming: Flame Tongue (safe; 1% risk of failure)
Press: ? - help, Shift-Dir - straight line, f/p - troll
Aim: a troll (almost dead)
The flame tongue misses the troll.
You closely miss the troll.
The troll is almost dead.
The troll bites you but does no damage. The troll misses you.
The troll claws you but does no damage.
The orc warrior hits you from afar with a halberd!
The troll closely misses you. The troll claws you but does no damage.
The troll claws you!
You hit the troll but do no damage.
The troll is severely wounded.
The troll barely misses you. x2; The troll closely misses you.
The orc warrior barely misses you.
Unknown command.
You hit the troll. You freeze the troll.
The troll is almost dead.
You feel your flesh rotting away. The troll closely misses you.
The troll claws you but does no damage. The troll completely misses you.
The orc warrior barely misses you.
Unknown command.
You barely miss the troll.
The troll is almost dead.
The troll bites you! The troll claws you.
The troll claws you but does no damage. The orc warrior barely misses you.
The troll bites you! The troll claws you! x2
You die...

You could see a troll and an orc warrior.

Vanquished Creatures
  A stone giant (Volcano)
  3 hydras
  A catoblepas (Lair:6)
  A deep troll shaman (Lair:6)
  A two-headed ogre (D:9)
  5 death yaks (Lair:6)
  A lindwurm (Lair:6)
  An orc knight (Bailey)
  4 black mambas
  6 elephants (Lair:6)
  11 spiny frogs
  A gargoyle (Volcano)
  3 rime drakes
  10 komodo dragons
  An efreet (Volcano)
  5 polar bears
  2 tyrant leeches (Lair:2)
  10 blink frogs
  5 hippogriffs
  12 yaks
  3 basilisks
  A hungry ghost (D:8)
  2 wyverns
  Menkaure (D:6)
  2 wargs (D:9)
  An acid dragon (D:8)
  11 water moccasins
  7 porcupines
  An ice beast (D:6)
  A black bear (Lair:6)
  3 orc warriors
  3 sky beasts
  3 ogres
  3 phantoms (D:9)
  2 centaurs (D:7)
  17 wolves
  12 crocodiles
  11 bullfrogs
  An earth elemental (Volcano)
  3 scorpions
  13 killer bees
  8 wights
  9 electric eels
  2 crimson imps
  4 jellies
  A bullfrog zombie (D:6)
  5 hounds
  6 orc wizards
  2 orc priests
  2 bullfrog skeletons (D:7)
  5 iguanas
  12 hell rats
  2 worker ants
  A killer bee zombie (D:5)
  6 ogre zombies (D:9)
  A hound skeleton (D:6)
  8 gnolls
  13 adders
  A shadow imp (D:8)
  3 adder skeletons
  2 worms (D:3)
  4 dart slugs
  6 leopard geckos
  27 orcs
  7 bats
  7 giant cockroaches
  9 goblins
  5 hobgoblins
  2 jackals (D:1)
  18 kobolds
  4 quokkas
  8 frilled lizards
  3 goblin skeletons (D:9)
  2 goblin zombies (D:9)
  A hobgoblin skeleton (D:9)
  A jackal skeleton (D:7)
  A leopard gecko skeleton (D:8)
  3 orc skeletons (D:9)
  10 orc zombies (D:9)
  11 rats
  A bush (Lair:4)
  3 fungi (D:6)
  A plant (Lair:4)
412 creatures vanquished.

Vanquished Creatures (collateral kills)
  An orc warlord (Bailey)
  2 earth elementals (Volcano)
  A gnoll (Bailey)
  A goblin (Bailey)
5 creatures vanquished.

Vanquished Creatures (others)
  5 fungi
  9 plants
14 creatures vanquished.

Grand Total: 431 creatures vanquished

Action                   |  1- 3 |  4- 6 |  7- 9 | 10-12 | 13-15 || total
-------------------------+-------+-------+-------+-------+-------++-------
Melee: Spear             |    97 |    41 |    22 |       |       ||   160
       Falchion          |       |       |    86 |   170 |    91 ||   347
 Cast: Flame Tongue      |    37 |   124 |   160 |    78 |    38 ||   437
       Conjure Flame     |     1 |     4 |    27 |    37 |    34 ||   103
       Sticky Flame      |       |       |    16 |    63 |    62 ||   141
       Fireball          |       |       |       |    35 |    50 ||    85
       Force Lance       |       |       |       |       |    46 ||    46
       Blink             |       |       |       |       |     2 ||     2
Evoke: Wand              |       |     1 |     6 |     5 |     3 ||    15
       Phial of floods   |       |       |     1 |     1 |     1 ||     3
  Use: Scroll            |       |       |     7 |    13 |     9 ||    29
       Potion            |       |       |     4 |     3 |     8 ||    15
 Stab: Sleeping          |     8 |     2 |       |       |     1 ||    11
       Paralysed         |       |       |       |       |     5 ||     5
  Eat: Chunk             |     5 |    11 |    22 |    60 |    74 ||   172
       Ration            |       |       |       |       |     4 ||     4
Armor: Robe              |    24 |    15 |    59 |    52 |    49 ||   199
Dodge: Dodged            |    72 |    60 |   139 |   136 |   122 ||   529
       Rpst.: Falchion   |       |       |    29 |    51 |    24 ||   104

Vault maps used:
D:1:      scummos_arrival_simple_crosswalls, hangedman_decor_points
D:3:      old_standard_altar, overflow_temple_1_default, first_ration
D:4:      nicolae_gozag_zags_fifth_avenue, ashenzari_altar_1
D:5:      grunt_temple_overflow_order_and_chaos_1, grunt_decor_arrowhead
D:6:      serial_shops, shop, water_boxes_lemuel, uniq_menkaure
D:7:      minmay_temple_entry_statues_pillars, serial_glass, glass_columns_a,
          glass_columns_c, glass_columns_a, glass_columns_a, glass_columns_a,
          glass_columns_a, glass_columns_b, glass_columns_c, serial_shops,
          kennysheep_little_box
D:8:      lemuel_doored_altar, kennysheep_mini_moat,
          nicolae_overflow_crystal_walls, erik_lair_dragon, enter_bailey_1
D:9:      grunt_dithmenos_smoke_and_mirrors, zombieorc1_lemuel
D:10:     uniq_urug, uniq_fannar, uniq_joseph, uniq_sonja
Temple:   nicolae_temple_god_jail
Lair:1:   gammafunk_lair_bear_cave, serial_bayou_shore_b
Lair:2:   minmay_swamp_entry_worms, serial_bayou, serial_bayou_pond_d,
          serial_bayou_pond_b, serial_bayou_lake_a, serial_bayou_shore_b,
          grunt_megastairs_2
Lair:3:   dummy_snake_entry, lemuel_fruit_fields
Lair:4:   grunt_forest_stairs_basic, grunt_forest_small_clearing_treed,
          grunt_megastairs_5
Lair:5:   nicolae_volcano_entry_lava_flow
Lair:6:   grunt_lair_end_beastmaster, slime_altar_1, basic_altar, minivault_24,
          minivault_11
Orc:1:    serial_shops, nicolae_shop_trees
Bailey:   bailey_axe_bossmonster_kennysheep, bailey
Volcano:  volcano_pools
